MWL (24 & UNDER)
CINCINNATI PRIDE @ BARRY'S BAY ORIOLES
08/10/2030
 
TOP OF THE 1ST
Cincinnati Pride batting - Pitching for Barry's Bay Orioles : RHP Santiago Noriega
Pitching: RHP Santiago Noriega
Batting: LHB Rubén Eirado 0-0: Ground out 3-1 (Groundball, 3D)
Batting: RHB Noah Sturges 0-0: Ball
1-0: Ball
2-0: Foul Ball, location: 2F
2-1: Ball
3-1: Foul Ball, location: 2F
3-2: SINGLE (Groundball, 56S) (infield hit)
Batting: LHB Pablo Garza 0-0: Called Strike
Noah Sturges is caught stealing 2nd base
0-1: Called Strike
0-2: Foul Ball, location: 2F
0-2: Foul Ball, location: 2F
0-2: Ball
1-2: Ground out 6-3 (Groundball, 6)
Top of the 1st over - 0 runs, 1 hit, 0 errors, 0 left on base; Cincinnati 0 - Barry's Bay 0
BOTTOM OF THE 1ST
Barry's Bay Orioles batting - Pitching for Cincinnati Pride : LHP Pedro Castro
Pitching: LHP Pedro Castro
Batting: SHB António Cortéz 0-0: Ground out 5-3 (Groundball, 56S)
Batting: RHB Francisco Fidal 0-0: Called Strike
0-1: Swinging Strike
0-2: Ball
1-2: Strikes out swinging, 2-3 out at first.
Batting: LHB Chris Russell 0-0: Called Strike
0-1: Ball
1-1: Foul Ball, location: 2F
1-2: Ball
2-2: Strikes out swinging
Bottom of the 1st over - 0 runs, 0 hits, 0 errors, 0 left on base; Cincinnati 0 - Barry's Bay 0
TOP OF THE 2ND
Cincinnati Pride batting - Pitching for Barry's Bay Orioles : RHP Santiago Noriega
Batting: LHB Juan Ortíz 0-0: Foul Ball, location: 2F
0-1: Ball
1-1: Ball
2-1: Ball
3-1: Foul Ball, location: 2F
3-2: Base on Balls
Batting: LHB Al Dooley 0-0: Called Strike
0-1: Ball
1-1: Swinging Strike
1-2: Strikes out swinging
Batting: RHB Travis Jackson 0-0: Fielders Choice at 2nd, 5-4 (Groundball, 5L)
Batting: RHB Owen Grant 0-0: Called Strike
Throwing error on steal attempt, E2
Travis Jackson to third
0-1: Ball
1-1: Swinging Strike
1-2: Fly out, F7 (Flyball, 7S)
Top of the 2nd over - 0 runs, 0 hits, 1 error, 1 left on base; Cincinnati 0 - Barry's Bay 0
BOTTOM OF THE 2ND
Barry's Bay Orioles batting - Pitching for Cincinnati Pride : LHP Pedro Castro
Batting: RHB Dwayne Roldán 0-0: Foul Ball, location: 2F
0-1: Ball
1-1: Foul Ball, location: 2F
1-2: Foul Ball, location: 2F
1-2: Strikes out swinging
Batting: RHB Esteban Álvarez 0-0: Ball
1-0: Fly out, F8 (Line Drive, 8LM)
Batting: RHB Kevin Hawkins 0-0: Ball
1-0: Swinging Strike
1-1: Ball
2-1: Ball
3-1: Foul Ball, location: 2F
3-2: Foul Ball, location: 2F
3-2: Strikes out swinging
Bottom of the 2nd over - 0 runs, 0 hits, 0 errors, 0 left on base; Cincinnati 0 - Barry's Bay 0
TOP OF THE 3RD
Cincinnati Pride batting - Pitching for Barry's Bay Orioles : RHP Santiago Noriega
Batting: LHB Gene Cherry 0-0: Called Strike
0-1: Ball
1-1: Ball
2-1: Swinging Strike
2-2: Foul Ball, location: 2F
2-2: Strikes out swinging
Batting: RHB Ed Hines 0-0: Fly out, F4 (Line Drive, 4)
Batting: LHB Rubén Eirado 0-0: Foul Ball, location: 2F
0-1: Swinging Strike
0-2: Reached on error, E7 (Line Drive, 7)
Batting: RHB Noah Sturges 0-0: Ball
1-0: Called Strike
1-1: Foul Ball, location: 2F
1-2: Foul Ball, location: 2F
1-2: Foul Ball, location: 2F
1-2: Foul Ball, location: 2F
1-2: Fly out, F9 (Flyball, 9)
Top of the 3rd over - 0 runs, 0 hits, 1 error, 1 left on base; Cincinnati 0 - Barry's Bay 0
BOTTOM OF THE 3RD
Barry's Bay Orioles batting - Pitching for Cincinnati Pride : LHP Pedro Castro
Batting: RHB Howard Robinson 0-0: Ball
1-0: SINGLE (Line Drive, 7S)
Batting: RHB Francisco Díaz 0-0: Called Strike
0-1: Ball
1-1: Ball
2-1: Foul Ball, location: 2F
2-2: Strikes out looking
Batting: RHB Scott Snider 0-0: Ball
1-0: Called Strike
Howard Robinson steals 2nd base
1-1: Ground out 6-3 (Groundball, 6)
Howard Robinson to third
Batting: SHB António Cortéz 0-0: Called Strike
0-1: Ball
1-1: Fly out, F7 (Flyball, 7D)
Bottom of the 3rd over - 0 runs, 1 hit, 0 errors, 1 left on base; Cincinnati 0 - Barry's Bay 0
TOP OF THE 4TH
Cincinnati Pride batting - Pitching for Barry's Bay Orioles : RHP Santiago Noriega
Batting: LHB Pablo Garza 0-0: Ball
1-0: Ball
2-0: Fly out, F8 (Flyball, 8RS)
Now in CF: António Machado
Batting: LHB Juan Ortíz 0-0: Called Strike
0-1: Hit by Pitch
Batting: LHB Al Dooley 0-0: Ball
1-0: Ball
2-0: Ball
3-0: Base on Balls
Juan Ortíz to second
Batting: RHB Travis Jackson 0-0: Foul Ball, location: 2F
0-1: Called Strike
0-2: Ball
1-2: Ball
2-2: Grounds into double play, 4-6-3 (Groundball, 4)
Top of the 4th over - 0 runs, 0 hits, 0 errors, 1 left on base; Cincinnati 0 - Barry's Bay 0
BOTTOM OF THE 4TH
Barry's Bay Orioles batting - Pitching for Cincinnati Pride : LHP Pedro Castro
Batting: RHB Francisco Fidal 0-0: Called Strike
0-1: Foul Ball, location: 2F
0-2: Strikes out swinging
Batting: LHB Chris Russell 0-0: Ball
1-0: Ball
2-0: Fly out, F8 (Flyball, 8LM)
Batting: RHB Dwayne Roldán 0-0: Ball
1-0: Called Strike
1-1: Swinging Strike
1-2: Foul Ball, location: 2F
1-2: Foul Ball, location: 2F
1-2: Ball
2-2: Foul Ball, location: 2F
2-2: Ball
3-2: Foul Ball, location: 2F
3-2: SINGLE (Groundball, 23) (infield hit)
Batting: LHB António Machado 0-0: Ball
Dwayne Roldán is caught stealing 2nd base
Bottom of the 4th over - 0 runs, 1 hit, 0 errors, 0 left on base; Cincinnati 0 - Barry's Bay 0
TOP OF THE 5TH
Cincinnati Pride batting - Pitching for Barry's Bay Orioles : RHP Santiago Noriega
Batting: RHB Owen Grant 0-0: Called Strike
0-1: Foul Ball, location: 2F
0-2: Strikes out swinging
Batting: LHB Gene Cherry 0-0: Ball
1-0: Foul Ball, location: 2F
1-1: Foul Ball, location: 2F
1-2: Strikes out looking
Batting: RHB Ed Hines 0-0: Ball
1-0: Called Strike
1-1: Ball
2-1: Swinging Strike
2-2: Strikes out swinging
Top of the 5th over - 0 runs, 0 hits, 0 errors, 0 left on base; Cincinnati 0 - Barry's Bay 0
BOTTOM OF THE 5TH
Barry's Bay Orioles batting - Pitching for Cincinnati Pride : LHP Pedro Castro
Batting: LHB António Machado 0-0: Ball
1-0: Foul Ball, location: 2F
1-1: Ball
2-1: Swinging Strike
2-2: Foul Ball, location: 2F
2-2: Foul Ball, location: 2F
2-2: Ground out U3 (Groundball, 34S)
Batting: RHB Kevin Hawkins 0-0: Called Strike
0-1: Foul Ball, location: 2F
0-2: Foul Ball, location: 2F
0-2: Ball
1-2: Ball
2-2: DOUBLE (Line Drive, 89XD)
Batting: RHB Howard Robinson 0-0: Intentional Walk
Batting: RHB Francisco Díaz 0-0: Grounds into double play, 1-6-3 (Groundball, 13)
Bottom of the 5th over - 0 runs, 1 hit, 0 errors, 1 left on base; Cincinnati 0 - Barry's Bay 0
TOP OF THE 6TH
Cincinnati Pride batting - Pitching for Barry's Bay Orioles : RHP Santiago Noriega
Batting: LHB Rubén Eirado 0-0: Ball
1-0: Ball
2-0: Fly out, F7 (Flyball, 78D)
Batting: RHB Noah Sturges 0-0: Called Strike
0-1: Ball
1-1: Fly out, F7 (Flyball, 7)
Batting: LHB Pablo Garza 0-0: Ball
1-0: Fly out, F8 (Flyball, 8LXD)
Top of the 6th over - 0 runs, 0 hits, 0 errors, 0 left on base; Cincinnati 0 - Barry's Bay 0
BOTTOM OF THE 6TH
Barry's Bay Orioles batting - Pitching for Cincinnati Pride : LHP Pedro Castro
Batting: RHB Scott Snider 0-0: Called Strike
0-1: Ball
1-1: Foul Ball, location: 2F
1-2: Foul Ball, location: 2F
1-2: Ball
2-2: Ball
3-2: Foul Ball, location: 2F
3-2: Foul Ball, location: 2F
3-2: Base on Balls
Batting: SHB António Cortéz 0-0: Ball
1-0: Ball
2-0: Called Strike
2-1: Ball
3-1: Base on Balls
Scott Snider to second
Batting: RHB Francisco Fidal 0-0: Swinging Strike
0-1: Ball
1-1: Ground out 5-3 (Groundball, 56S)
Scott Snider to third
António Cortéz to second
Batting: LHB Chris Russell 0-0: Ball
1-0: Ground out U3 (Groundball, 3)
Batting: RHB Dwayne Roldán 0-0: Ball
1-0: Called Strike
1-1: Ball
2-1: Ball
3-1: 3-RUN HOME RUN (Flyball, 78XD), Distance : 364 ft
Batting: LHB António Machado 0-0: Called Strike
0-1: Ball
1-1: Ball
2-1: Called Strike
2-2: Fly out, F3 (Line Drive, 34)
Bottom of the 6th over - 3 runs, 1 hit, 0 errors, 0 left on base; Cincinnati 0 - Barry's Bay 3
TOP OF THE 7TH
Cincinnati Pride batting - Pitching for Barry's Bay Orioles : RHP Santiago Noriega
Batting: LHB Juan Ortíz 0-0: Ball
1-0: Ball
2-0: Ball
3-0: Base on Balls
Batting: LHB Al Dooley 0-0: Fly out, F8 (Flyball, 78M)
Batting: RHB Travis Jackson 0-0: Ball
1-0: SINGLE (Line Drive, 6D)
Juan Ortíz to second
Batting: RHB Owen Grant 0-0: Ball
1-0: Ball
2-0: Grounds into double play, 5-4-3 (Groundball, 56)
Top of the 7th over - 0 runs, 1 hit, 0 errors, 1 left on base; Cincinnati 0 - Barry's Bay 3
BOTTOM OF THE 7TH
Barry's Bay Orioles batting - Pitching for Cincinnati Pride : LHP Pedro Castro
Pitching: RHP Manuel Garza
Batting: RHB Kevin Hawkins 0-0: Ball
1-0: Called Strike
1-1: SINGLE (Line Drive, 8LS)
Batting: RHB Howard Robinson 0-0: Ball
1-0: Ball
2-0: Called Strike
2-1: Foul Ball, location: 2F
2-2: Fielders Choice at 2nd, 4-6 (Groundball, 4)
Batting: RHB Francisco Díaz 0-0: Ball
1-0: Called Strike
1-1: Foul Ball, location: 2F
1-2: Ball
2-2: Strikes out swinging
Batting: RHB Scott Snider 0-0: Ball
Howard Robinson is caught stealing 2nd base
Bottom of the 7th over - 0 runs, 1 hit, 0 errors, 0 left on base; Cincinnati 0 - Barry's Bay 3
TOP OF THE 8TH
Cincinnati Pride batting - Pitching for Barry's Bay Orioles : RHP Santiago Noriega
Batting: LHB Gene Cherry 0-0: Ball
1-0: Swinging Strike
1-1: DOUBLE (Line Drive, 78XD)
Batting: RHB Ed Hines 0-0: Ball
1-0: Foul Ball, location: 2F
1-1: SINGLE (Groundball, 6D)
Gene Cherry to third
Runner from 3rd tries for Home, SAFE, no throw
Pitching: LHP Dominique Verdier
Batting: LHB Rubén Eirado 0-0: Fielders Choice at 2nd, 1-6 (Groundball, P)
Batting: RHB Noah Sturges 0-0: Ball
1-0: Swinging Strike
1-1: Ball
2-1: Foul Ball, location: 2F
2-2: Foul Ball, location: 2F
2-2: Ball
3-2: Base on Balls
Rubén Eirado to second
Batting: LHB Pablo Garza 0-0: Ball
1-0: Called Strike
1-1: Fly out, F7 (Line Drive, 7LM)
Pinch Hitting: RHB Luis Manuel Medrano 0-0: Called Strike
0-1: Ground out 3-1 (Groundball, 34)
Top of the 8th over - 1 run, 2 hits, 0 errors, 2 left on base; Cincinnati 1 - Barry's Bay 3
BOTTOM OF THE 8TH
Barry's Bay Orioles batting - Pitching for Cincinnati Pride : RHP Manuel Garza
Now in LF: Luis Manuel Medrano
Batting: RHB Scott Snider 0-0: Ball
1-0: Ball
2-0: Foul Ball, location: 2F
2-1: Swinging Strike
2-2: Ground out 3-1 (Groundball, 34S)
Batting: SHB António Cortéz 0-0: Called Strike
0-1: Ball
1-1: Foul Ball, location: 2F
1-2: Foul Ball, location: 2F
1-2: Ball
2-2: Strikes out swinging
Batting: RHB Francisco Fidal 0-0: Called Strike
0-1: Ball
1-1: SOLO HOME RUN (Flyball, 9D), Distance : 364 ft
Batting: LHB Chris Russell 0-0: Fly out, F7 (Flyball, 7)
Bottom of the 8th over - 1 run, 1 hit, 0 errors, 0 left on base; Cincinnati 1 - Barry's Bay 4
TOP OF THE 9TH
Cincinnati Pride batting - Pitching for Barry's Bay Orioles : LHP Dominique Verdier
Batting: LHB Al Dooley 0-0: Foul Ball, location: 2F
0-1: Foul Ball, location: 2F
0-2: Ball
1-2: Strikes out swinging
Batting: RHB Travis Jackson 0-0: Ball
1-0: Called Strike
1-1: Foul Ball, location: 2F
1-2: Strikes out swinging
Batting: RHB Owen Grant 0-0: Ball
1-0: Ball
2-0: Called Strike
2-1: Foul Ball, location: 2F
2-2: Strikes out swinging
Top of the 9th over - 0 runs, 0 hits, 0 errors, 0 left on base; Cincinnati 1 - Barry's Bay 4
Saturday, April 7th, 2018 - OOTP Baseball 18.8 Build 76